 Dungeon Crawl Stone Soup version 0.28.0-45-g0d030f2227 (webtiles) character file.

Game seed: 1813658627538495896

101 Bliebski the Ducker (level 4, -1/35 HPs)
             Began as a Demonspawn Gladiator on Apr 16, 2022.
             Slain by an iguana (5 damage)
             ... on level 3 of the Dungeon.
             The game lasted 00:04:20 (2398 turns).

Bliebski the Ducker (Demonspawn Gladiator)          Turns: 2398, Time: 00:04:21

Health: -1/35      AC:  6    Str: 16    XL:     4   Next: 48%
Magic:  4/4        EV: 12    Int:  9    God:
Gold:   65         SH:  4    Dex: 15    Spells: 3/3 levels left

rFire   . . .      SeeInvis .   a - +0 rapier
rCold   . . .      Faith    .   j - +0 buckler
rNeg    . . .      Spirit   .   b - +0 leather armour
rPois   .          Reflect  .   c - +0 helmet
rElec   .          Harm     .   (no cloak)
rCorr   .          Rampage  .   (no gloves)
Will    .....                   (no boots)
Stlth   +.........              (no amulet)
HPRegen 0.11/turn               (no ring)
MPRegen 0.09/turn               (no ring)

@: no status effects
A: hooves 1, icy blue scales 1
a: no special abilities


You were on level 3 of the Dungeon.
You visited 1 branch of the dungeon, and saw 3 of its levels.

You collected 65 gold pieces.

Inventory:

Hand Weapons
 a - a +0 rapier (weapon)
Missiles
 d - 2 throwing nets
 i - 57 stones (quivered)
Armour
 b - a +0 leather armour (worn)
 c - a +0 helmet (worn)
 j - a +0 buckler (worn)
Scrolls
 e - a scroll of vulnerability {unknown}
 g - a scroll of torment {unknown}
 k - a scroll of noise {unknown}
 l - a scroll of identify {unknown}
Potions
 f - a potion of flight {unknown}
 h - 2 potions of curing {unknown}


   Skills:
 + Level 3.1 Fighting
 - Level 3.0 Short Blades
 - Level 2.0 Throwing
 + Level 3.5 Dodging
 + Level 1.3 Shields
 + Level 0.4 Unarmed Combat


You had 3 spell levels left.
You didn't know any spells.
Your spell library was empty.

Dungeon Overview and Level Annotations

Branches:
Dungeon (3/15)

Altars:


Innate Abilities, Weirdness & Mutations

You have large cloven feet.
You are partially covered in icy blue scales. (AC +2)


Message History

No target in view!
HP restored.
You see here an adder corpse.
A goblin comes into view. It is wielding a +0 dagger.
You closely miss the goblin. You block the goblin's attack.
You puncture the goblin!
You kill the goblin!
No target in view!
Things that are here:
a +0 dagger; a goblin corpse An iguana comes into view.
The iguana hisses angrily.
The iguana bites you!
You hit the iguana but do no damage. The iguana barely misses you.
The iguana bites you but does no damage.
You hit the iguana but do no damage. The iguana bites you.
You barely miss the iguana. Your kick misses the iguana.
You block the iguana's attack.
You hit the iguana. Your kick misses the iguana.
The iguana is moderately wounded.
The iguana bites you.
You hit the iguana. Your kick misses the iguana.
The iguana is moderately wounded.
The iguana misses you.
You hit the iguana. Your kick misses the iguana.
The iguana is heavily wounded.
The iguana bites you.
You hit the iguana but do no damage. You kick the iguana.
The iguana is severely wounded.
The iguana bites you!
You are too injured to fight recklessly!
You are too injured to fight recklessly!
You hit the iguana but do no damage. You kick the iguana.
The iguana is severely wounded.
The iguana bites you!
* * * LOW HITPOINT WARNING * * *
You barely miss the iguana.
The iguana is severely wounded.
The iguana bites you.
You die...

## .. # #. ..
#.##.#####...
......... #....#
#l# #@# #######
#.# #.....# #.# #
#.###.###.#.####.
#.# #)...........
#.###.###.#.###..
#.....# #.#.#
###.### #.. . #.#
$.....


You could see an iguana.

Vanquished Creatures
  6 adders
  A dart slug (D:1)
  2 ball pythons (D:2)
  5 endoplasms
  A giant cockroach (D:1)
  4 goblins
  6 hobgoblins
  4 kobolds (D:1)
  2 quokkas
  5 bats (D:1)
  6 frilled lizards
  2 rats (D:1)
  A spectral goblin (D:1)
45 creatures vanquished.

Notes
Turn   | Place    | Note
-------+----------+-------------------------------------------
     0 | D:1      | Bliebski the Demonspawn Gladiator began the quest for the
                  | Orb.
     0 | D:1      | Reached XP level 1. HP: 16/16 MP: 1/1
   317 | D:1      | Found a faded altar of an unknown god.
   364 | D:1      | Gained mutation: You are partially covered in icy blue
                  | scales. (AC +2) [demonic ancestry]
   364 | D:1      | Reached XP level 2. HP: 17/20 MP: 2/2
  1315 | D:2      | Reached XP level 3. HP: 19/28 MP: 3/3
  1940 | D:2      | Reached skill level 1 in Shields
  1940 | D:2      | Gained mutation: You have large cloven feet. [demonic
                  | ancestry]
  1940 | D:2      | Reached XP level 4. HP: 34/34 MP: 4/4
  2398 | D:3      | Slain by an iguana

Illustrated notes

Levels and vault maps discovered:
D:1:      nzn_arrival_water_spiral, layout_basic,
          dreamdust_ecumenical_altar_drowned_temple, patterned_corridor
D:2:      layout_basic
D:3:      layout_loops_ring, tgw_fedhas, uniq_jessica, uniq_pargi

Skill      XL: |  1  2  3  4 |
---------------+-------------+-----
Throwing       | 2 |  2.0
Short Blades   | 3 |  3.0
Dodging        | 3 |  3.5
Shields        | 1 |  1.3
Fighting       | 3 |  3.1
Unarmed Combat | |  0.4

Action                   |  1- 3 |  4- 6 || total
-------------------------+-------+-------++-------
Melee: Rapier            |   106 |    32 ||   138
       Punch             |     2 |       ||     2
       Kick              |       |     5 ||     5
Throw: Throwing net      |     1 |       ||     1
 Stab: Sleeping          |     2 |       ||     2
Armor: Leather armour    |    38 |    11 ||    49
Dodge: Dodged            |    78 |    13 ||    91
Block: Buckler           |     8 |     6 ||    14
